 Dungeon Crawl Stone Soup version 0.30.0-20-g3615ddf2f0 (webtiles) character file.

Game seed: 11234453968936722976

130 qw the Shield-Bearer (level 5, -4/32 HPs)
             Began as a Gargoyle Fighter on May 29, 2023.
             Slain by a steam dragon (5 damage)
             ... on level 4 of the Dungeon.
             The game lasted 00:01:16 (2939 turns).

qw the Shield-Bearer (Gargoyle Fighter)             Turns: 2939, Time: 00:01:16

Health: -4/32      AC: 16    Str: 21    XL:     5   Next: 13%
Magic:  5/5        EV:  4    Int:  9    God:
Gold:   198        SH:  8    Dex:  9    Spells: 4/4 levels left

rFire   . . .        Y - +0 war axe
rCold   . . .        m - +0 kite shield
rNeg    + . .        a - +0 plate armour
rPois   inf          (no helmet)
rElec   +            (no cloak)
rCorr   .            (no gloves)
SInv    .            b - +0 pair of boots
Will    .....        g - amulet of the acrobat Stlth
                     (no ring)
HPRegen 0.25/turn    (no ring)
MPRegen 0.09/turn

%: acrobat
@: no status effects
A: sickness immunity, AC +4, negative energy resistance 1, electricity
resistance, torment resistance 1, petrification resistance
a: no special abilities


You were on level 4 of the Dungeon.
You visited 1 branch of the dungeon, and saw 4 of its levels.

You collected 198 gold pieces.


Innate Abilities, Weirdness & Mutations

You are immune to sickness and miasma.
Your stone body is resilient. (AC +4)
You are immune to poison.
You resist negative energy. (rN+)
You are resistant to electric shocks. (rElec)
You are resistant to unholy torment.
You are immune to petrification.


   Skills:
 - Level 3.2 Fighting
 + Level 3.8 Axes
 - Level 1.2 Throwing
 - Level 3.2 Armour
 - Level 4.2 Shields


You had 4 spell levels left.
You didn't know any spells.
Your spell library was empty.

Inventory:

Hand Weapons
 k - a +0 club
 Y - a +0 war axe (weapon)
Missiles
 j - a javelin (quivered)
Armour
 a - a +0 plate armour (worn)
 b - a +0 pair of boots (worn)
 m - a +0 kite shield (worn)
Jewellery
 g - an amulet of the acrobat (around neck)
Scrolls
 f - a scroll of vulnerability {unknown}
Potions
 c - a potion of curing {unknown}
 d - a potion of might
 e - a potion of mutation {unknown}
 h - a potion of berserk rage {unknown}
 i - a potion of heal wounds {unknown}

Dungeon Overview and Level Annotations

Branches:
Dungeon (4/15)
 Temple: D:4-7

Altars:


Message History

You block the steam dragon's attack.
You closely miss the steam dragon.
The steam dragon is lightly wounded.
You hit the bullfrog but do no damage.
You are engulfed in a cloud of scalding steam.
You block the bullfrog's attack. The bullfrog barely misses you.
The steam dragon bites you but does no damage.
The steam dragon claws you but does no damage.
You barely miss the steam dragon.
The steam dragon is lightly wounded.
You closely miss the bullfrog. You block the bullfrog's attack.
The steam dragon bites you but does no damage.
The steam dragon claws you.
The bullfrog hits you but does no damage.
The steam dragon bites you but does no damage.
The steam dragon claws you.
You closely miss the steam dragon.
The steam dragon is lightly wounded.
You closely miss the bullfrog. The bullfrog barely misses you.
You block the bullfrog's attack.
The steam dragon bites you but does no damage.
The steam dragon claws you but does no damage.
You block the bullfrog's attack.
You hit the steam dragon.
The steam dragon is lightly wounded.
You hit the kobold.
You kill the kobold!
You closely miss the bullfrog. The bullfrog hits you.
You block the steam dragon's attack.
The steam dragon claws you but does no damage.
You block the bullfrog's attack.
You slash the steam dragon!
The steam dragon is heavily wounded.
You closely miss the bullfrog. You block the steam dragon's attack.
The steam dragon claws you but does no damage.
The bullfrog hits you but does no damage.
The bullfrog hits you. The steam dragon bites you.
You die...

... #.# #.#
#.# #.#
#.###
#)#.####..
#.@D...).(
#F#%####..
#.#.# #.#.#
########.#.#
.........#.#
#####.<..)#
#.##### #.


You could see a steam dragon and a bullfrog.

Vanquished Creatures
  An iguana (D:3)
  3 adders
  4 worms
  An orc (D:3)
  6 bats
  7 endoplasms
  2 giant cockroaches (D:2)
  3 goblins
  2 hobgoblins
  9 jackals
  2 quokkas
  8 ball pythons
  A frilled lizard (D:2)
  7 kobolds
  2 rats
58 creatures vanquished.

Vanquished Creatures (others)
  A jackal (D:4)
1 creature vanquished.

Grand Total: 59 creatures vanquished

Notes
Turn   | Place    | Note
-------+----------+-------------------------------------------
     0 | D:1      | qw the Gargoyle Fighter began the quest for the Orb.
     0 | D:1      | Reached XP level 1. HP: 14/14 MP: 1/1
     0 | D:1      | 0 ||| qw: Version: 0.2-a-102-g2b76a06
     0 | D:1      | 0 ||| qw: Game counter: 382
     0 | D:1      | 0 ||| qw: Always use a shield: true
     0 | D:1      | 0 ||| qw: God list: Okawaru
     0 | D:1      | 0 ||| qw: Allow faded altars: false
     0 | D:1      | 0 ||| qw: Do Orc after D:15 true
     0 | D:1      | 0 ||| qw: Do second Lair branch before Depths: true
     0 | D:1      | 0 ||| qw: Lair rune preference: random
     0 | D:1      | 0 ||| qw: Plans: Normal, Zot:1-4, Slime:5, God:TSO, Crypt,
                  | Tomb, Pan, Hells, Abyss, Win
     0 | D:1      | 0 ||| PLANNING D:1-11
   617 | D:1      | Reached XP level 2. HP: 18/19 MP: 2/2
   789 | D:1      | 789 ||| UPGRADING to +0 chain mail.
   799 | D:1      | 799 ||| DROPPING +0 scale mail.
   800 | D:1      | 800 ||| UPGRADING to amulet of the acrobat.
   805 | D:1      | 805 ||| READING scroll labelled BUYQAS PISOUBB.
   806 | D:1      | 806 ||| READING scroll labelled ZOMENI NULAD.
   927 | D:2      | Reached skill level 3 in Axes
   979 | D:2      | Reached XP level 3. HP: 23/23 MP: 3/3
  1853 | D:2      | 1853 ||| UPGRADING to +0 plate armour.
  1863 | D:2      | 1863 ||| UPGRADING to +0 pair of boots.
  1868 | D:2      | 1868 ||| DROPPING +0 chain mail.
  1869 | D:2      | 1869 ||| UPGRADING to +0 kite shield.
  1879 | D:2      | 1879 ||| DROPPING +0 buckler.
  1880 | D:2      | 1880 ||| READING scroll labelled UNLIOSTROWIL.
  1881 | D:2      | 1881 ||| READING scroll labelled JEOMIGR AVYIJ.
  1882 | D:2      | 1882 ||| DRINKING 2 sedimented red potions.
  1883 | D:2      | 1883 ||| DROPPING potion of flight.
  2097 | D:3      | Found a faded altar of an unknown god.
  2125 | D:3      | Reached XP level 4. HP: 28/28 MP: 4/4
  2182 | D:3      | Reached skill level 4 in Shields
  2206 | D:3      | 2206 ||| FLEEEEING.
  2207 | D:3      | 2207 ||| FLEEEEING.
  2582 | D:3      | Reached skill level 1 in Throwing
  2582 | D:3      | Reached XP level 5. HP: 32/32 MP: 5/5
  2904 | D:3      | 2904 ||| READING scroll labelled LEM GENYROCETT.
  2924 | D:4      | Noticed a steam dragon
  2933 | D:4      | HP: 8/32 [steam dragon (3)]
  2936 | D:4      | HP: 3/32 [steam dragon (1)]
  2939 | D:4      | HP: 1/32 [bullfrog (2)]
  2939 | D:4      | Slain by a steam dragon

Levels and vault maps discovered:
D:1:      dpeg_arrival_radiant, layout_basic, minmay_misc_feat_tower,
          serial_bayou_pond_e, minmay_misc_feat_diagonals
D:2:      minmay_skewed_foursquare, layout_basic, minmay_misc_feat_tiny,
          kennysheep_boxes
D:3:      layout_basic, dreamdust_ecumenical_altar_grove, palyth_stone_intersect
D:4:      minmay_octagon_keep, layout_loops_ring,
          chequers_serial_rivers_small_a, uniq_crazy_yiuf_cottage,
          uniq_eustachio

Skill      XL: |  1  2  3  4 |
---------------+-------------+-----
Axes           | 2 3 |  3.8
Shields        | 4 |  4.2
Throwing       | 1 |  1.2
Fighting       | |  3.2
Armour         | |  3.2

Action                     |  1- 3 |  4- 6 || total
---------------------------+-------+-------++-------
  Melee: War axe           |   141 |    64 ||   205
  Throw: Javelin           |       |     9 ||     9
    Use: Scroll            |     4 |     1 ||     5
         Potion            |     1 |       ||     1
 Armour: Scale mail        |     8 |       ||     8
         Chain mail        |    56 |       ||    56
         Plate armour      |    16 |    59 ||    75
  Dodge: Dodged            |    52 |    13 ||    65
  Block: Buckler           |    23 |       ||    23
         Kite shield       |     6 |    39 ||    45

Table legend:
 A = Non-vault XP
 B = Vault XP
 C = Vault XP percentage of total XP
 D = Non-vault monster count
 E = Vault monster count
 F = Vault count percentage of total count
                 A         B        C        D         E       F
            +---------+---------+-------+---------+---------+-------
      Total |     172 |      14 |   7.5 |      53 |       6 |  10.2
            +---------+---------+-------+---------+---------+-------
        D:1 |      13 |       0 |   0.0 |       9 |       0 |   0.0
        D:2 |      45 |      14 |  23.7 |      18 |       6 |  25.0
        D:3 |     102 |       0 |   0.0 |      19 |       0 |   0.0
        D:4 |      12 |       0 |   0.0 |       7 |       0 |   0.0
            +---------+---------+-------+---------+---------+-------
